 Dungeon Crawl Stone Soup version 0.23-a0-261-g133332c (webtiles) character file.

9 RonnieColeman the Conjurer (level 2, -1/17 HPs)
             Began as an Octopode Conjurer on Sept 29, 2018.
             Slain by a hobgoblin
             ... wielding a +0 club
              (5 damage)
             ... on level 1 of the Dungeon.
             The game lasted 00:01:13 (291 turns).

RonnieColeman the Conjurer (Octopode Conjurer)       Turns: 291, Time: 00:01:13

Health: -1/17      AC:  1    Str:  7    XL:     2   Next: 16%
Magic:  5/5        EV: 13    Int: 17    God:
Gold:   34         SH:  0    Dex: 12    Spells: 5/6 levels left

rFire    . . .     SeeInvis .   a - +0 short sword
rCold    . . .     Gourm    .   (no shield)
rNeg     . . .     Faith    .   (helmet restricted)
rPois    .         Spirit   .   (no amulet)
rElec    .         Reflect  .   (no ring)
rCorr    .         Harm     .   (no ring)
MR       .....                  (no ring)
Stlth    +++.......             (no ring)
HPRegen  0.05/turn              (no ring)
MPRegen  0.09/turn              (no ring)
                                (no ring)
                                (no ring)

@: no status effects
A: almost no armour, stealthy swim, amphibious, 8 rings, constrict 8, camouflage
1, gelatinous body 1
a: no special abilities


You were on level 1 of the Dungeon.
You were not hungry.

You visited 1 branch of the dungeon, and saw 1 of its levels.

You collected 34 gold pieces.

Inventory:

Hand Weapons
 a - a +0 short sword (weapon)
 h - a +0 dagger
Scrolls
 c - a scroll of teleportation {unknown}
 d - a scroll of identify {unknown}
 e - a scroll of amnesia {unknown}
Potions
 g - a potion of brilliance {unknown}
Comestibles
 b - 2 rations
 f - 2 chunks of flesh


   Skills:
 - Level 2.0 Dodging
 - Level 2.6 Stealth
 * Level 2.5 Spellcasting
 + Level 4.1 Conjurations


You had 5 spell levels left.
You knew the following spells:

 Your Spells              Type           Power        Failure   Level  Hunger
a - Magic Dart            Conj           ###.         3%          1    #......

Your spell library contained the following spells:

 Spells                   Type           Power        Failure   Level  Hunger
 Searing Ray              Conj           ###...       4%          2    ##.....
 Dazzling Spray           Conj/Hex       #.....       24%         3    ###....
 Iskenderun's Mystic Bla  Conj           ###.....     32%         4    #####..
 Force Lance              Conj/Tloc      #.......     61%         4    #####..
 Fulminant Prism          Conj/Hex       #.........   61%         4    #####..


Dungeon Overview and Level Annotations

Branches:
Dungeon (1/15)

Altars:


Innate Abilities, Weirdness & Mutations

You cannot wear most types of armour.
You are very stealthy in the water. (Stealth+)
You are amphibious.
You can wear up to eight rings at the same time.
You can use your tentacles to constrict eight enemies at once.
Your skin changes colour to match your surroundings (Stealth+).
Your rubbery body absorbs attacks. (AC +1, EV +1)


Message History

The leopard gecko hisses angrily.
Your grab misses the bat. Your squeeze misses the bat.
The bat barely misses you. The bat hits you.
The leopard gecko completely misses you.
The bat hits you but does no damage.
You miss the leopard gecko. Your grab misses the leopard gecko.
The bat barely misses you. The leopard gecko bites you.
You are too injured to fight recklessly!
The bat hits you. The bat closely misses you. The bat hits you.
The leopard gecko barely misses you.
You hit the bat but do no damage. Your grab misses the bat.
The bat closely misses you. The bat hits you but does no damage.
The leopard gecko bites you.
* * * LOW HITPOINT WARNING * * *
You hit the leopard gecko but do no damage.
Your grab misses the leopard gecko. The bat misses you.
The leopard gecko completely misses you.
The hobgoblin hits you with a club.
You die...

###............#
#...#..#.....#.#
##...#..#.....#.##
#...###.##...##..#
###...#%#..#..รท#....
#....##.##.##.##...#
#....#...#..#.#.....
#..(##...##.###.....
#..@#r....#..#......
#blg#.....#. #......
#..r................
#.........##.........
...........###
.........
###.........#
.........
#...........
.........
#.............
........
#............... ..


You could see a leopard gecko, a hobgoblin, a bat and a rat.

Vanquished Creatures
  2 goblins (D:1)
  2 hobgoblins (D:1)
  2 kobolds (D:1)
  2 bats (D:1)
  A frilled lizard (D:1)
9 creatures vanquished.

Notes
Turn   | Place    | Note
-------+----------+-------------------------------------------
     0 | D:1      | RonnieColeman the Octopode Conjurer began the quest for the
                  | Orb.
     0 | D:1      | Reached XP level 1. HP: 11/11 MP: 3/3
    96 | D:1      | Reached XP level 2. HP: 5/17 MP: 0/5
   291 | D:1      | Slain by a hobgoblin

Vault maps used:
D:1:      lightli_arrival_maybe_door_vault, minmay_unequal

Action                   || total
-------------------------++-------
Melee: Unarmed           ||     7
       Constrict         ||     2
       Tentacles         ||     1
       Short sword       ||     4
 Cast: Magic Dart        ||    14
Armor: Skin              ||     3
Dodge: Dodged            ||    11

Table legend:
 A = Non-vault XP
 B = Vault XP
 C = Vault XP percentage of total XP
 D = Non-vault monster count
 E = Vault monster count
 F = Vault count percentage of total count
                 A         B        C        D         E       F
            +---------+---------+-------+---------+---------+-------
      Total |      12 |       2 |  14.3 |       7 |       2 |  22.2
            +---------+---------+-------+---------+---------+-------
        D:1 |      12 |       2 |  14.3 |       7 |       2 |  22.2
            +---------+---------+-------+---------+---------+-------
